 Dungeon Crawl Stone Soup version 0.28-a0-803-g74956062c1 (webtiles) character file.

Game seed: 2146446828801059692

220 Gargoyl the Skirmisher (level 5, -1/70 HPs)
             Began as a Gnoll Abyssal Knight on Nov 7, 2021.
             Was a Believer of Lugonu.
             Slain by a killer bee (6 damage)
             ... on level 4 of the Dungeon.
             The game lasted 00:04:49 (2916 turns).

Gargoyl the Skirmisher (Gnoll Abyssal Knight)       Turns: 2916, Time: 00:04:50

Health: -1/70      AC: 22    Str: 13    XL:     5   Next: 97%
Magic:  8/8        EV:  2    Int: 10    God:    Lugonu [**....]
Gold:   171        SH:  0    Dex: 12    Spells: 7/7 levels left

rFire   . . .      SeeInvis .   c - +2 hand axe (flame)
rCold   . . .      Faith    .   (no shield)
rNeg    . . .      Spirit   .   (armour currently unavailable)
rPois   +          Reflect  .   (helmet currently unavailable)
rElec   .          Harm     .   (cloak currently unavailable)
rCorr   .          Rampage  .   (gloves currently unavailable)
Will    .....      NoTele   +   (boots currently unavailable)
Stlth   ++........              (no amulet)
HPRegen 0.21/turn               (no ring)
MPRegen 0.11/turn               (no ring)

@: lethally poisoned (-1 -> -7), tree-form
A: stationary, stasis, torment immunity, boosted hp, (fangs 1), strong nose,
distributed training
a: Renounce Religion, Depart the Abyss, Bend Space


You were on level 4 of the Dungeon.
You worshipped Lugonu.
Lugonu was pleased with you.
You were a tree.
You visited 1 branch of the dungeon, and saw 4 of its levels.
You visited the Abyss 1 time.

You collected 171 gold pieces.

Inventory:

Hand Weapons
 a - a +1 hand axe
 c - a +2 hand axe of flaming (weapon)
Missiles
 g - 4 curare-tipped darts (quivered)
 i - 15 poisoned darts
Armour
 b - a +0 pair of boots (melded)
 d - a +1 helmet (melded)
 f - a +0 plate armour (melded)
 o - a +0 cloak (melded)
Wands
 e - a wand of iceblast (12)
 p - a wand of paralysis (8)
Scrolls
 h - a scroll of identify
 k - a scroll of silence
Potions
 m - a potion of ambrosia
 n - a potion of heal wounds


   Skills:
 + Level 6.7 Fighting
 + Level 1.7 Short Blades
 + Level 1.7 Long Blades
 + Level 4.9 Axes
 + Level 1.7 Maces & Flails
 + Level 1.7 Polearms
 + Level 1.7 Staves
 + Level 1.7 Slings
 + Level 1.7 Bows
 + Level 1.7 Crossbows
 + Level 1.7 Throwing
 + Level 4.9 Armour
 + Level 3.1 Dodging
 + Level 1.7 Stealth
 + Level 1.7 Shields
 + Level 1.7 Unarmed Combat
 + Level 1.7 Spellcasting
 + Level 1.3 Conjurations
 + Level 1.3 Hexes
 + Level 1.3 Summonings
 + Level 1.3 Necromancy
 + Level 1.3 Translocations
 + Level 1.3 Transmutations
 + Level 1.3 Fire Magic
 + Level 1.3 Ice Magic
 + Level 1.3 Air Magic
 + Level 1.3 Earth Magic
 + Level 1.3 Poison Magic
 + Level 5.0 Invocations
 + Level 1.7 Evocations


You had 7 spell levels left.
You didn't know any spells.
Your spell library was empty.

Dungeon Overview and Level Annotations

Branches:
Dungeon (4/15)             Temple (0/1) D:4

Altars:


Innate Abilities, Weirdness & Mutations

You are a tree.
Your roots penetrate the ground, keeping you stationary.
You cannot be teleported.
You are immune to unholy pain and torment.
Your maximum health is greatly increased.
Your equipment is partially melded.
((You have very sharp teeth.))
Your uncanny sense of smell can sniff out nearby items.
Your experience applies equally to all skills.


Message History

The killer bee stings you but does no damage.
The killer bee stings you. x2
You are more poisoned.
The killer bee poisons you! The killer bee barely misses you.
The killer bee stings you but does no damage. x4
You barely miss the killer bee.
The killer bee is heavily wounded.
You closely miss the killer bee. You barely miss the killer bee. x2
You feel very sick. The killer bee barely misses you.
The killer bee completely misses you.
The killer bee stings you but does no damage. x3
The killer bee stings you.
* * * LOW HITPOINT WARNING * * *
The killer bee stings you but does no damage. x2
The killer bee stings you.
* * * LOW HITPOINT WARNING * * *
The killer bee stings you but does no damage.
Really quaff the potion of lignification?
You turn into a tree.
Your +0 cloak melds into your body.
Your +1 helmet melds into your body.
Your +0 pair of boots melds into your body.
Your +0 plate armour melds into your body.
Your roots penetrate the ground.
You feel sick.
The killer bee stings you but does no damage.
The killer bee stings you.
* * * LOW HITPOINT WARNING * * *
The killer bee stings you but does no damage.
The killer bee stings you.
* * * LOW HITPOINT WARNING * * *
The killer bee stings you but does no damage. x4
Unknown command.
You completely miss the killer bee.
The killer bee is almost dead.
You hit the killer bee but do no damage.
You barely miss the killer bee. You closely miss the killer bee.
* * * LOW HITPOINT WARNING * * *
You feel sick.
The killer bee stings you but does no damage. x3
The killer bee barely misses you. The killer bee stings you.
You die...

#..#.........
#............
#..........##
#######.........##
##.#..#..........#.
#...........>....##
#...###..#........#
####...##...........#.
**#...y♣###..####..#..##
#.....yyy....#*,........
#...........##,,**...,,.
#...........#,,,***,,,,*
#<............,,,**,,,,,
#......#.......***,,,,,,
##.#...,......#***,,,,*,
###...,.......,,,,,,,**
*,,,,,,,,,,,,,**,,,,,*


You could see 4 killer bees.

Vanquished Creatures
  A killer bee (D:4)
  Terence (D:3)
  Robin (D:2)
  4 gnolls (D:3)
  An adder (D:4)
  A shadow imp (D:3)
  An adder skeleton (D:3)
  2 dart slugs (D:2)
  An orc (D:3)
  4 ball pythons
  5 bats
  2 endoplasms
  2 giant cockroaches
  15 goblins
  4 hobgoblins
  8 jackals
  7 kobolds
  6 quokkas
  4 frilled lizards
  5 rats
75 creatures vanquished.

Notes
Turn   | Place    | Note
-------+----------+-------------------------------------------
     0 | Abyss:1  | Gargoyl the Gnoll Abyssal Knight began the quest for the
                  | Orb.
     0 | Abyss:1  | Reached XP level 1. HP: 23/23 MP: 3/3
     1 | Abyss:1  | Found an opulent altar of Gozag.
    46 | Abyss:2  | Noticed a wretched star
    47 | D:1      | Escaped the Abyss
   208 | D:1      | Reached XP level 2. HP: 19/29 MP: 5/5
   354 | D:1      | Reached * piety under Lugonu
   829 | D:1      | Found a faded altar of an unknown god.
   914 | D:1      | Reached XP level 3. HP: 30/35 MP: 6/6
  1603 | D:2      | Noticed Robin
  1605 | D:2      | Reached skill level 1 in Short Blades
  1605 | D:2      | Reached skill level 1 in Long Blades
  1605 | D:2      | Reached skill level 1 in Maces & Flails
  1605 | D:2      | Reached skill level 1 in Polearms
  1605 | D:2      | Reached skill level 1 in Staves
  1605 | D:2      | Reached skill level 1 in Slings
  1605 | D:2      | Reached skill level 1 in Bows
  1605 | D:2      | Reached skill level 1 in Crossbows
  1605 | D:2      | Reached skill level 1 in Throwing
  1605 | D:2      | Reached skill level 1 in Stealth
  1605 | D:2      | Reached skill level 1 in Shields
  1605 | D:2      | Reached skill level 1 in Unarmed Combat
  1605 | D:2      | Reached skill level 1 in Spellcasting
  1605 | D:2      | Reached skill level 1 in Evocations
  1610 | D:2      | Reached XP level 4. HP: 41/41 MP: 7/7
  1614 | D:2      | Reached ** piety under Lugonu
  1620 | D:2      | Killed Robin
  2137 | D:3      | Reached skill level 1 in Conjurations
  2137 | D:3      | Reached skill level 1 in Hexes
  2137 | D:3      | Reached skill level 1 in Summonings
  2137 | D:3      | Reached skill level 1 in Necromancy
  2137 | D:3      | Reached skill level 1 in Translocations
  2137 | D:3      | Reached skill level 1 in Transmutations
  2137 | D:3      | Reached skill level 1 in Fire Magic
  2137 | D:3      | Reached skill level 1 in Ice Magic
  2137 | D:3      | Reached skill level 1 in Air Magic
  2137 | D:3      | Reached skill level 1 in Earth Magic
  2137 | D:3      | Reached skill level 1 in Poison Magic
  2261 | D:3      | Noticed Terence
  2270 | D:3      | Killed Terence
  2271 | D:3      | Reached XP level 5. HP: 27/47 MP: 8/8
  2761 | D:3      | Noticed an ogre
  2913 | D:4      | Reached skill level 5 in Invocations
  2916 | D:4      | Slain by a killer bee

Illustrated notes

Levels and vault maps discovered:
D:1:      minmay_arrival_open_corners, layout_rooms,
          hellmonk_ecumenical_altar_prayer_group
D:2:      layout_loops_corners, minmay_misc_feat_alley, grunt_decor_clamped,
          uniq_robin
D:3:      layout_rooms, lightli_corner_chamber, uniq_terence
D:4:      layout_cave_pools, minmay_temple_entry_fiery

Skill      XL: |  1  2  3  4  5 |
---------------+----------------+-----
Short Blades   | 1 |  1.7
Long Blades    | 1 |  1.7
Maces & Flails | 1 |  1.7
Polearms       | 1 |  1.7
Staves         | 1 |  1.7
Slings         | 1 |  1.7
Bows           | 1 |  1.7
Crossbows      | 1 |  1.7
Throwing       | 1 |  1.7
Stealth        | 1 |  1.7
Shields        | 1 |  1.7
Unarmed Combat | 1 |  1.7
Spellcasting   | 1 |  1.7
Evocations     | 1 |  1.7
Conjurations   | 1 |  1.3
Hexes          | 1 |  1.3
Summonings     | 1 |  1.3
Necromancy     | 1 |  1.3
Translocations | 1 |  1.3
Transmutations | 1 |  1.3
Fire Magic     | 1 |  1.3
Ice Magic      | 1 |  1.3
Air Magic      | 1 |  1.3
Earth Magic    | 1 |  1.3
Poison Magic   | 1 |  1.3
Dodging        | 3 |  3.1
Invocations    | 5 |  5.0
Fighting       | |  6.7
Axes           | |  4.9
Armour         | |  4.9

Action                   |  1- 3 |  4- 6 || total
-------------------------+-------+-------++-------
Melee: Hand axe          |    96 |    72 ||   168
       Bite              |     7 |     3 ||    10
       Punch             |       |     1 ||     1
Invok: Depart the Abyss  |     1 |       ||     1
  Use: Potion            |     2 |     1 ||     3
       Scroll            |       |     8 ||     8
Armor: Leather armour    |    22 |       ||    22
       Ring mail         |    23 |    13 ||    36
       Plate armour      |       |    70 ||    70
       Skin              |       |     9 ||     9
Dodge: Dodged            |    66 |    39 ||   105

Table legend: (Time is in decaauts)
 A = Elapsed time spent in this place.
 B = Non-inter-level travel time spent in this place.
 C = Inter-level travel time spent in this place.
 D = Time resting spent in this place.
 E = Time spent auto-exploring this place.
 F = Levels seen in this place.
 G = Mean time per level.
                   A        B        C        D        E       F      G
               +--------+--------+--------+--------+--------+-----+--------+
         Total |   2926 |   2846 |     80 |    316 |   1936 |   6 |  487.7 |
       Dungeon |   2880 |   2800 |     80 |    316 |   1919 |   4 |  720.0 |
         Abyss |     46 |     46 |      0 |      0 |     17 |   2 |   23.0 |
               +--------+--------+--------+--------+--------+-----+--------+

Top non-repeatable levels by time:
     D:1: 1046 daAuts
     D:2: 1007 daAuts
     D:3: 779 daAuts
     D:4: 46 daAuts
 Abyss:1: 28 daAuts
 Abyss:2: 17 daAuts
